Unix xNetHack Version 8.0.0 - last build Jan 14 2024 16:46:22 (be4d3c81716514284228e1a23197c27ddb32b841). Game began 2024-03-16 12:53:56, ended 2024-03-16 16:40:04. Catomat, neutral female human Wizard G --- |...........| - G |.----..|.......---- G |.%....--.....----.. --.................. G |....*.%..o...----- |..--..%G...G.---- ------...........| -----...........| ---...)@----.--...| h h o ....----- -----.-- G ----- --- G - f s Catomat the Thaumaturge St:11 Dx:13 Co:16 In:18 Wi:15 Ch:11 Neutral S:13744 Dlvl:8 $:4428 HP:0(53) Pw:38(68) AC:1 Xp:8/2219 T:12258 Blind Latest messages: You feel momentarily disoriented. A poisoned crude arrow misses you. You are almost hit by a poisoned crude arrow. You feel a bit steadier now. You hit Haiugorai of Aakhuun! Haiugorai of Aakhuun points at you, then curses. You impale Haiugorai of Aakhuun. Haiugorai of Aakhuun points all around, then curses. You kill Haiugorai of Aakhuun! What do you want to wear? [*] You are now wearing a towel around your head. You can't see any more. In what direction? The spell hits the gnome! You kill the gnome! You miss Aunuruk of Aakhuun. Aunuruk of Aakhuun hacks you! You miss Aunuruk of Aakhuun. Your mithril elven ring mail deflects Aunuruk of Aakhuun's attack. You stab Aunuruk of Aakhuun. Aunuruk of Aakhuun just misses! You hear some noises in the distance. You hit Aunuruk of Aakhuun. Aunuruk of Aakhuun slashes you! You impale Aunuruk of Aakhuun. Aunuruk of Aakhuun rends you! In what direction? The spell misses Aunuruk of Aakhuun. It misses. In what direction? The spell hits Aunuruk of Aakhuun! You kill Aunuruk of Aakhuun! In what direction? You feel better. In what direction? You feel better. The gecko turns into an ape! The ape turns into a housecat! The housecat disappears! You hear some noises in the distance. You hear a horn being played nearby. The bolt of cold hits you! You can't go up here. You descend the stairs. You climb up the stairs. You hear a horn being played nearby. The bolt of cold hits you! You die... Do you want your possessions identified? [ynq] (y) Do you want to see your attributes? [ynq] (y) Inventory: Inventory: 635/725 weight (28/52 slots) Coins $ - 4428 gold pieces {44} Amulets I - an uncursed copper amulet of ESP (being worn) {24} Weapons A - 6 +0 daggers (at the ready) {60} d - 3 +0 elven daggers (wielded) {30} Armor z - an uncursed +0 mithril dwarvish helm {25} H - an uncursed +0 elven helm (being worn) {3} R - an uncursed +0 pair of plastic gloves (being worn) {10} B - an uncursed +0 pair of dwarvish boots (being worn) {38} C - an uncursed +0 cloak of magic resistance (being worn) {8} g - an uncursed +0 dwarvish cloak {10} M - an uncursed +0 mithril elven ring mail (being worn) {88} Comestibles K - 3 uncursed food rations {60} b - an uncursed lembas wafer {5} f - an uncursed sprig of wolfsbane {1} J - an uncursed tripe ration {10} o - an uncursed lizard corpse {10} Scrolls x - an uncursed scroll of teleportation {5} Potions D - a cursed potion of extra healing {20} N - an uncursed potion of object detection {20} L - a blessed potion of paralysis {20} E - 2 uncursed potions of speed {40} O - a potion of unholy water {20} Rings F - an uncursed ring of levitation {3} Wands V - a wand of fire (0:5) {7} Tools r - an uncursed leash {12} p - a +0 wooden pick-axe {37} k - an uncursed skeleton key {3} T - an uncursed towel (being worn) {2} u - a +0 unicorn horn {20} Catomat the Wizard's attributes: Background: You were a Thaumaturge, a level 8 female human Wizard. You were neutral, on a mission for Thoth who was opposed by Ptah (lawful) and Anhur (chaotic). You were heterosexual. You were in the Gnomish Mines, on level 8. You entered the dungeon 12258 turns ago. You had 2219 experience points, 341 more were needed to attain level 9. Your score was 13744 before end-of-game adjustments. Basics: You had 0 out of 53 hit points. You had 38 out of 68 energy points (spell power). Your armor class was 1. Your wallet contained 4428 zorkmids. Autopickup was on for '$"?!=/' plus thrown. Final Characteristics: Your strength was 11 (limit:18/100). Your dexterity was 13 (limit:18). Your constitution was 16 (limit:18). Your intelligence was 18 (limit:18). Your wisdom was 15 (limit:18). Your charisma was 11 (limit:18). Final Status: You were deliberately blind. You were not hungry. You were unencumbered. You were wielding daggers. You had basic skill with dagger. Final Attributes: You were piously aligned. You were magic-protected. You were poison resistant. You were telepathic. You were guarded. You are dead. Miscellaneous: You never encountered a bones level. Total elapsed playing time was 3 hours, 46 minutes and 7 seconds. Major events: Turn 1: Catomat the neutral female human Wizard entered the dungeon 1674: attained the rank of Conjurer (level 3) 1713: entered the Gnomish Mines 5494: attained the rank of Thaumaturge (level 6) 6306: entered Sokoban 6732: completed 1st Sokoban level 7301: completed 2nd Sokoban level 12258: killed by a bolt of cold played by an Uruk-hai Vanquished creatures: an orc-captain an elven monarch 2 small mimics a crocodile a panther a leprechaun a vampire bat 2 ogres a Green-elf an owlbear a yeti a lizard a water nymph a black unicorn 2 plains centaurs a human zombie a rope golem a wood nymph 14 bugbears 8 Uruk-hai an orc shaman 2 rock piercers a rock mole a fog cloud a yellow light a shrieker a violet fungus 9 gnome leaders a gnomish wizard a gray ooze 2 elf zombies a paper golem 2 baby crocodiles a giant ant 2 floating eyes a kitten 7 dwarves a homunculus a kobold leader 3 kobold shamans 7 hill orcs a centipede a giant bat an orc zombie a dwarf zombie a wererat an iguana an acid blob 4 coyotes a gas spore 4 hobbits 7 manes 10 hobgoblins 3 giant rats 5 cave spiders a green mold a red mold 32 gnomes a garter snake 6 geckos 2 jackals 4 foxes a kobold 5 goblins a sewer rat 5 grid bugs a bat 6 lichens 3 kobold zombies 4 newts 204 creatures vanquished. No species were genocided or became extinct. Voluntary challenges: You read items or engraved 14 times. You never genocided any monsters. You never polymorphed an object. You never changed form. You never touched an artifact. You used no wishes. You were celibate. You did not violate any of the special Sokoban rules. Achievements: You entered a shop. You attained the rank of Conjurer. You entered the Gnomish Mines. You attained the rank of Thaumaturge. You entered Sokoban. Dungeon overview: The Dungeons of Doom: levels 1 to 8 Level 1: Some fountains. Level 2: A general store, a fountain. Level 3: "MM" Stairs down to The Gnomish Mines. Level 4: A sink. Level 5: Level 6: "stash in chest" A general store, a fountain. Level 7: Many fountains, many trees. Oracle of Delphi. Level 8: "stash" An altar, a throne. Stairs up to Sokoban, level 7. The Gnomish Mines: levels 4 to 9 Level 4: Level 5: Level 6: Level 7: An altar. Level 8: <- You were here. Final resting place for you, killed by a bolt of cold played by an Uruk-hai. Level 9: Sokoban: levels 7 up to 5 Level 5: Unsolved. Level 6: Solved. Level 7: Solved. Game over: __________ / \ / REST \ / IN \ / PEACE \ / \ | Catomat | | 4428 Au | | killed by a bolt | | of cold played | | by an Uruk-hai | | | | 2024 | *| * * * | * _________)/\\_//(\/(/\)/\//\/|_)_______ Goodbye Catomat the Wizard... You died in The Gnomish Mines on dungeon level 8 with 13302 points, and 4428 pieces of gold, after 12258 moves. You were level 8 with a maximum of 53 hit points when you died.